 Dungeon Crawl Stone Soup version 0.31.0-1-g2c135a008e (webtiles) character file.

Game seed: 7195981114684908051

387 qw the Shooter (level 7, -1/52 HPs)
             Began as a Djinni Hunter on Jan 23, 2024.
             Slain by an orc wizard
             ... wielding a +0 dagger
              (2 damage)
             ... on level 4 of the Dungeon.
             The game lasted 00:00:14 (3213 turns).

qw the Shooter (Djinni Hunter)                      Turns: 3213, Time: 00:00:15

Health: -1/52      AC:  5    Str: 10    XL:     7   Next: 6%
Gold:   108        EV: 11    Int: 10    God:
                   SH:  0    Dex: 19

rFire   + + .        a - +0 shortbow
rCold   x . .        (shield currently unavailable)
rNeg    . . .        i - +0 ring mail
rPois   inf          (no helmet)
rElec   .            (no cloak)
rCorr   .            (no gloves)
SInv    .            (boots unavailable)
Will    .....        (no amulet)
Stlth   +            (no ring)
HPRegen 0.28/turn    (no ring)
MPRegen 0.00/turn

%: infuse magic (-2 HP)
@: flying
A: sickness immunity, fire resistance 2, cold vulnerability 1, float, innate
caster, HP casting, extra vitality 1
a: no special abilities


You were on level 4 of the Dungeon.
You visited 1 branch of the dungeon, and saw 4 of its levels.

You collected 108 gold pieces.


Innate Abilities, Weirdness & Mutations

You are immune to sickness and miasma.
You are immune to poison.
Your flesh is very heat resistant. (rF++)
You are vulnerable to cold. (rC-)
You float through the air rather than walking.
You learn spells naturally, not from books.
Your magical power is your life essence.
You have superior vitality. (+4 MHP)


   Skills:
 - Level 4.2 Fighting
 + Level 5.3 Ranged Weapons
 - Level 1.0 Armour
 - Level 3.0 Dodging
 - Level 0.7 Stealth


You knew the following spells:

 Your Spells              Type           Power      Damage    Failure   Level
a - Shock                 Conj/Air       0%         1d3       67%         1
b - Static Discharge      Conj/Air       0%         3-3/arc   82%         2
c - Momentum Strike       Conj/Tloc      0%         3d8       82%         2
Your spell library was empty.

Inventory:

Hand Weapons
 a - a +0 shortbow (weapon)
Armour
 i - a +0 ring mail (worn)
Scrolls
 f - 2 scrolls of blinking {unknown}
 j - 2 scrolls of identify
 k - a scroll of vulnerability {unknown}
Potions
 b - a potion of enlightenment {unknown}
 c - a potion of cancellation
 d - a potion of mutation {unknown}
 e - a potion of curing
 g - a potion of heal wounds {unknown}
 h - a potion of resistance {unknown}

Dungeon Overview and Level Annotations

Branches:
Dungeon (4/15)
 Temple: D:4-7

Altars:

Annotations:
D:3 3 runed translucent doors, qw's ghost, amateur GrHu


Message History

The orc wizard hits you with a +0 dagger.
You shoot an arrow. The arrow barely misses the orc wizard.
The orc closely misses you. The goblin misses you.
The orc wizard hits you but does no damage.
You shoot an arrow.
The arrow hits the orc wizard but does no damage.
The orc wizard is heavily wounded.
The orc hits you with a +0 falchion.
The orc wizard hits you with a +0 dagger.
The goblin hits you with a +0 dagger. x2; The orc hits you with a +0 falchion.
The orc wizard hits you but does no damage.
You shoot an arrow. The arrow hits the orc wizard.
The orc wizard is almost dead.
The orc hits you with a +0 falchion. The goblin closely misses you.
The orc wizard hits you with a +0 dagger.
You shoot an arrow.
The arrow closely misses the orc wizard.
The orc hits you but does no damage. The goblin hits you with a +0 dagger.
The orc wizard casts a spell at you.
You easily resist.
You shoot an arrow.
The arrow hits the orc wizard but does no damage.
The orc wizard is almost dead.
The orc barely misses you.
The orc wizard gestures at you while chanting.
The magic dart hits you. The goblin hits you with a +0 dagger.
The goblin hits you but does no damage.
The orc wizard hits you with a +0 dagger.
The orc hits you but does no damage.
You shoot an arrow.
The arrow hits the orc wizard but does no damage.
The orc wizard is almost dead.
The goblin closely misses you. The orc hits you with a +0 falchion.
The orc wizard mumbles some strange words.
The orc wizard flickers and vanishes!
Deactivating autopickup; reactivate with Ctrl-A.
You shoot an arrow. The arrow hits the orc!
You kill the orc!
The goblin hits you with a +0 dagger. Something hits you.
You die...

..........#...............#.....#
......#..###.)#.......#..###..###
.....###.....###.....###.....####
.###..#.......#..###..#.......#..
..#...............#.............#
.......#.....#........%#.....####
.......##...##.........##...##
.......# ....#.........#....
..#............)@{#.........
.###..#.......#g)###..#.....
....)###.....###.| .###...
......# .###. .... . ..# ........
. . ...... . .....#.. . .#.....
#...##... ?.##...## #.## .. ....
.#


You could see a goblin.

Vanquished Creatures
  3 scorpions
  A bombardier beetle (D:3)
  Jessica (D:3)
  3 adders (D:2)
  3 gnolls (D:3)
  5 dart slugs
  10 orcs
  8 ball pythons
  8 bats
  5 endoplasms
  A giant cockroach (D:3)
  8 goblins
  7 hobgoblins
  5 quokkas
  A frilled lizard (D:2)
  8 kobolds
  6 rats
83 creatures vanquished.

Notes
Turn   | Place    | Note
-------+----------+-------------------------------------------
     0 | D:1      | qw the Djinni Hunter began the quest for the Orb.
     0 | D:1      | Reached XP level 1. HP: 18/18 MP: 0/0
     0 | D:1      | 0 ||| qw: Version: 0.3-a-135-gb77e89d
     0 | D:1      | 0 ||| qw: Game counter: 962
     0 | D:1      | 0 ||| qw: Melee chars always use a shield: true
     0 | D:1      | 0 ||| qw: God list: Okawaru
     0 | D:1      | 0 ||| qw: Allow faded altars: false
     0 | D:1      | 0 ||| qw: Do Orc after clearing Dungeon:15 true
     0 | D:1      | 0 ||| qw: Do second Lair branch before Depths: true
     0 | D:1      | 0 ||| qw: Lair rune preference: random
     0 | D:1      | 0 ||| qw: Goals: Normal
     0 | D:1      | 0 ||| PLANNING D:1-11
   171 | D:1      | Reached XP level 2. HP: 23/23 MP: 0/0
   698 | D:1      | Reached skill level 4 in Ranged Weapons
   698 | D:1      | Reached XP level 3. HP: 28/28 MP: 0/0
   698 | D:1      | Learned a level 1 spell: Shock
   878 | D:1      | 878 ||| UPGRADING to +0 ring mail.
   888 | D:1      | 888 ||| DROPPING +0 leather armour.
   889 | D:1      | 889 ||| READING scroll labelled OVVYKLUIMY.
   890 | D:1      | 890 ||| READING 2 scrolls labelled KYBLOPYPROUT.
   891 | D:1      | 891 ||| READING 2 scrolls labelled GIAF RE KONAMU.
   891 | D:1      | 891 ||| IDENTIFYING viscous cyan potion
   892 | D:1      | 892 ||| READING scroll of identify.
   892 | D:1      | 892 ||| IDENTIFYING 2 cyan potions
   893 | D:1      | 893 ||| DRINKING 2 metallic emerald potions.
   894 | D:1      | 894 ||| DRINKING 2 potions of curing.
   894 | D:1      | 894 ||| (to cure confusion)
   895 | D:1      | 895 ||| DROPPING scroll of butterflies.
   896 | D:1      | 896 ||| DROPPING potion of ambrosia.
   897 | D:1      | 897 ||| DROPPING potion of invisibility.
   898 | D:1      | 898 ||| DROPPING scroll of poison.
   930 | D:2      | 930 ||| RETREEEEATING.
   933 | D:2      | Reached skill level 1 in Armour
   939 | D:2      | Reached XP level 4. HP: 34/34 MP: 0/0
  1133 | D:2      | Reached skill level 3 in Fighting
  1631 | D:2      | 1631 ||| READING scroll labelled QAHUST FUGG.
  1657 | D:3      | Noticed a scorpion
  1670 | D:3      | Killed a scorpion
  1671 | D:3      | Reached XP level 5. HP: 28/40 MP: 0/0
  1671 | D:3      | Learned a level 2 spell: Static Discharge
  1728 | D:3      | Noticed Jessica
  1734 | D:3      | Killed Jessica
  1735 | D:3      | Reached skill level 5 in Ranged Weapons
  1810 | D:3      | Found a runed translucent gate.
  1810 | D:3      | Found a runed translucent gate.
  1810 | D:3      | Found a runed translucent gate.
  1847 | D:3      | 1847 ||| FLEEEEING.
  1848 | D:3      | 1848 ||| FLEEEEING.
  1904 | D:3      | Reached XP level 6. HP: 46/46 MP: 0/0
  1922 | D:3      | Reached skill level 3 in Dodging
  1927 | D:3      | HP: 11/46 [gnoll/+5 halberd (14)]
  2170 | D:3      | Noticed qw's ghost (amateur GrHu)
  2440 | D:3      | HP: 11/47 [burnt (1)]
  2445 | D:3      | HP: 8/47 [burnt (1)]
  2450 | D:3      | HP: 3/47 [burnt (1)]
  2452 | D:3      | HP: 1/47 [burnt (2)]
  2713 | D:3      | 2713 ||| READING scroll labelled RAKUIKLUCE.
  2714 | D:3      | 2714 ||| DRINKING 2 clear potions.
  3132 | D:4      | Reached XP level 7. HP: 41/52 MP: 0/0
  3132 | D:4      | Learned a level 2 spell: Momentum Strike
  3192 | D:4      | 3192 ||| DRINKING 4 potions of curing.
  3192 | D:4      | 3192 ||| (to cure confusion)
  3195 | D:4      | 3195 ||| DRINKING 3 potions of curing.
  3195 | D:4      | 3195 ||| (to cure confusion)
  3202 | D:4      | 3202 ||| DRINKING 2 potions of curing.
  3202 | D:4      | 3202 ||| (to cure confusion)
  3211 | D:4      | HP: 12/52 [orc wizard/magic dart (6)]
  3212 | D:4      | HP: 4/52 [orc/+0 falchion (5)]
  3213 | D:4      | HP: 1/52 [goblin/+0 dagger (3)]
  3213 | D:4      | Slain by an orc wizard

Levels and vault maps discovered:
D:1:      saegor_arrival_fortress, layout_basic, nicolae_titane
D:2:      layout_basic
D:3:      layout_loops_ring, gammafunk_ghost_icy, serial_park_tiny_1,
          uniq_jessica
D:4:      nicolae_cairo_tiling_large_dashed, layout_loops_ring,
          mainiacjoe_overflow_chevrons, pf_just_have_faith,
          minmay_goblin_kobold_house

Skill      XL: |  1  2  3  4  5  6 |
---------------+-------------------+-----
Ranged Weapons | 4 5 |  5.3
Armour         | 1 |  1.0
Fighting       | 3 4 |  4.2
Dodging        | 3 |  3.0
Stealth        | |  0.7

Action                     |  1- 3 |  4- 6 |  7- 9 || total
---------------------------+-------+-------+-------++-------
   Fire: Shortbow          |    73 |   206 |    23 ||   302
    Use: Scroll            |     4 |     2 |       ||     6
         Potion            |     2 |     1 |     3 ||     6
 Armour: Leather armour    |    13 |       |       ||    13
         Ring mail         |     7 |    61 |    39 ||   107
  Dodge: Dodged            |    20 |    66 |    19 ||   105

Table legend:
 A = Non-vault XP
 B = Vault XP
 C = Vault XP percentage of total XP
 D = Non-vault monster count
 E = Vault monster count
 F = Vault count percentage of total count
                 A         B        C        D         E       F
            +---------+---------+-------+---------+---------+-------
      Total |     519 |      37 |   6.7 |      82 |       1 |   1.2
            +---------+---------+-------+---------+---------+-------
        D:1 |      45 |       0 |   0.0 |      23 |       0 |   0.0
        D:2 |      71 |       0 |   0.0 |      19 |       0 |   0.0
        D:3 |     218 |      37 |  14.5 |      28 |       1 |   3.4
        D:4 |     185 |       0 |   0.0 |      12 |       0 |   0.0
            +---------+---------+-------+---------+---------+-------
